 Dungeon Crawl Stone Soup version 0.29-a0-338-g1ff7896281 (webtiles) character file.

Game seed: 2277449130121576360

77886 greenreed the Thaumaturge (level 15, -8/126 HPs)
             Began as a Gnoll Air Elementalist on Apr 17, 2022.
             Was an Elder of Ashenzari.
             Shot with an arrow by a naga sharpshooter (23 damage)
             ... on level 2 of the Snake Pit.
             The game lasted 02:44:07 (28705 turns).

greenreed the Thaumaturge (Gnoll Air Elementalist) Turns: 28705, Time: 02:44:07

Health: -8/126     AC: 10    Str: 18    XL:     15   Next: 58%
Magic:  0/34       EV: 18    Int: 25    God:    Ashenzari [****..]
Gold:   1744       SH:  8    Dex: 18    Spells: 4/44 levels left

rFire   . . .      SeeInvis +   x - +5 whip of Foolhardiness {drain, *Corrode rElec Str+5 Stlth+}
rCold   + . .      Faith    .   d - +0 buckler of Ashenzari's Omission {Elem, Bglg} (curse)
rNeg    + + .      Spirit   .   K - +0 troll leather armour
rPois   +          Reflect  .   q - +0 hat "Bound With Me" {Stlth+, Self, Elem} (curse)
rElec   +          Harm     .   R - +2 cloak "Enigmatic Loss" {Bglg, Elem} (curse)
rCorr   .          Rampage  .   O - +0 pair of gloves "Comet of the Sky" {rC+, Fort, Elem} (curse)
Will    +....      Clarity  +   W - +2 pair of boots "Anxiety of the Heavens" {Bglg, Self} (curse)
Stlth   +++++++...              m - amulet "Xaoph" {RegenMP Drain rPois rN++ Str+4}
HPRegen 1.11/turn               k - ring "Sidereal Scepticism" {Fly Int+4, Elem, Self} (curse)
MPRegen 0.64/turn               D - +6 ring of dexterity

@: corroded, flying
A: fangs 1, strong nose, distributed training
a: Renounce Religion, Curse Item, Shatter the Chains


You were on level 2 of the Snake Pit.
You worshipped Ashenzari.
Ashenzari was greatly pleased with you.
You visited 4 branches of the dungeon, and saw 22 of its levels.
You also visited: Bailey, Gauntlet and Ice Cave.

You collected 1744 gold pieces.

Inventory:

Hand Weapons
 a - a +4 shortbow of flaming
 x - the +5 whip of Foolhardiness (weapon) {drain, *Corrode rElec Str+5 Stlth+}
   (You found it on level 4 of the Dungeon)

   A truly terrible weapon, it drains the life of any living foe it strikes.
   Str:       It affects your strength (+5).
   rElec:     It insulates you from electricity.
   *Corrode:  It may corrode you when you take damage.
   Stlth:     It makes you more stealthy.
 E - a +2 flail of holy wrath
 X - a +0 arbalest of freezing
Armour
 d - the cursed +0 buckler of Ashenzari's Omission (worn) {Elem, Bglg}
   (You took it off a spriggan on level 3 of the Lair of Beasts)

   It has a curse which improves the following skills: Elements: Fire Magic, Ice
   Magic, Air Magic and Earth Magic.
   Beguiling: Conjurations, Hexes and Translocations.
 q - the cursed +0 hat "Bound With Me" (worn) {Stlth+, Self, Elem}
   (You found it on level 3 of the Dungeon)

   It has a curse which improves the following skills: Introspection: Fighting
   and Spellcasting.
   Elements:  Fire Magic, Ice Magic, Air Magic and Earth Magic.
 K - a +0 troll leather armour (worn)
 O - the cursed +0 pair of gloves "Comet of the Sky" (worn) {rC+, Fort, Elem}
   (You found it on level 7 of the Dungeon)

   rC:        It protects you from cold.
   It has a curse which improves the following skills: Fortitude: Armour and
   Shields.
   Elements:  Fire Magic, Ice Magic, Air Magic and Earth Magic.
 R - the cursed +2 cloak "Enigmatic Loss" (worn) {Bglg, Elem}
   (You found it on level 3 of the Lair of Beasts)

   It has a curse which improves the following skills: Beguiling: Conjurations,
   Hexes and Translocations.
   Elements:  Fire Magic, Ice Magic, Air Magic and Earth Magic.
 W - the cursed +2 pair of boots "Anxiety of the Heavens" (worn) {Bglg, Self}
   (You found it in an ice cave)

   It has a curse which improves the following skills: Beguiling: Conjurations,
   Hexes and Translocations.
   Introspection: Fighting and Spellcasting.
 Y - a +1 scale mail of cold resistance
 Z - the +4 chain mail of the Onion {rElec rN+ Will+}
   (You found it in a bailey)

   rElec:     It insulates you from electricity.
   rN:        It protects you from negative energy.
   Will:      It increases your willpower.
Jewellery
 k - the cursed ring "Sidereal Scepticism" (left hand) {Fly Int+4, Elem, Self}
   (You found it on level 2 of the Dungeon)

   [ring of flight]

   Int:       It affects your intelligence (+4).
   Fly:       It grants you flight.
   It has a curse which improves the following skills: Elements: Fire Magic, Ice
   Magic, Air Magic and Earth Magic.
   Introspection: Fighting and Spellcasting.
 m - the amulet "Xaoph" (around neck) {RegenMP Drain rPois rN++ Str+4}
   (You acquired it in a bailey)

   [amulet of magic regeneration]

   It increases your rate of magic regeneration.
   Str:       It affects your strength (+4).
   rPois:     It protects you from poison.
   rN:        It greatly protects you from negative energy.
   Drain:     It drains your maximum health when unequipped.
 r - a ring of positive energy
 v - a ring of fire
 z - a ring of poison resistance
 D - a +6 ring of dexterity (right hand)
 H - a ring of ice
Wands
 g - a wand of paralysis (7)
 w - a wand of iceblast (22)
 y - a wand of flame (60)
 G - a wand of polymorph (16)
 I - a wand of charming (15)
 S - a wand of acid (16)
 U - a wand of mindburst (16)
Scrolls
 c - 6 scrolls of magic mapping
 e - 6 scrolls of amnesia
 f - 10 scrolls of teleportation
 i - 2 scrolls of blinking
 j - 4 scrolls of fear
 l - 2 scrolls of enchant armour
 s - 2 scrolls of brand weapon
 A - 9 scrolls of summoning
 B - 4 scrolls of fog
 M - 2 scrolls of enchant weapon
 N - a scroll of torment
Potions
 b - 3 potions of magic
 n - 3 potions of brilliance
 o - 6 potions of curing
 t - a potion of ambrosia
 u - 4 potions of haste
 C - 3 potions of resistance
 F - a potion of invisibility
 L - 5 potions of heal wounds
 P - 2 potions of cancellation
 Q - 3 potions of mutation
 T - 2 potions of might
 V - a potion of berserk rage
Miscellaneous
 h - a phial of floods
 p - a phantom mirror
 J - a lightning rod (4/4)


   Skills:
 + Level 10.2(14.1) Fighting
 + Level 10.2 Short Blades
 + Level 10.2 Long Blades
 + Level 10.2 Axes
 + Level 10.2 Maces & Flails
 + Level 10.2 Polearms
 + Level 10.2 Staves
 + Level 10.2 Slings
 + Level 10.2 Bows
 + Level 10.2 Crossbows
 + Level 10.2 Throwing
 + Level 10.2(12.1) Armour
 + Level 11.2 Dodging
 + Level 11.0 Stealth
 + Level 10.2(12.1) Shields
 + Level 10.2 Unarmed Combat
 + Level 11.3(15.2) Spellcasting
 + Level 8.9(12.8) Conjurations
 + Level 8.5(12.4) Hexes
 + Level 8.5 Summonings
 + Level 8.5 Necromancy
 + Level 8.5(12.4) Translocations
 + Level 8.5 Transmutations
 + Level 8.5(14.0) Fire Magic
 + Level 8.5(14.0) Ice Magic
 + Level 10.2(15.7) Air Magic
 + Level 8.5(14.0) Earth Magic
 + Level 8.5 Poison Magic
 + Level 11.1 Invocations
 + Level 10.2 Evocations


You had 4 spell levels left.
You knew the following spells:

 Your Spells              Type           Power      Damage    Failure   Level
a - Shock                 Conj/Air       100%       1d9       0%          1
b - Passwall              Tmut/Erth      55%        N/A       1%          2
c - Swiftness             Air            78%        N/A       1%          3
d - Static Discharge      Conj/Air       74%        N/A       1%          2
e - Ensorcelled Hibernat  Hex/Ice        100%       N/A       1%          2
f - Poisonous Vapours     Pois/Air       100%       N/A       1%          2
g - Anguish               Hex/Necr       32%        N/A       1%          4
h - Tukima's Dance        Hex            69%        N/A       1%          3
i - Airstrike             Air            39%        N/A       1%          4
j - Stone Arrow           Conj/Erth      100%       3d13      1%          3
k - Inner Flame           Hex/Fire       71%        N/A       1%          3
l - Lightning Bolt        Conj/Air       37%        1d55      1%          5
m - Conjure Ball Lightni  Conj/Air       37%        3x3d12    1%          6

Your spell library contained the following spells:

 Spells                   Type           Power      Damage    Failure   Level
 Foxfire                  Conj/Fire      100%       2x1d9     0%          1
 Apportation              Tloc           100%       N/A       1%          1
 Beastly Appendage        Tmut           100%       N/A       1%          1
 Magic Dart               Conj           100%       1d8       1%          1
 Blink                    Tloc           100%       N/A       1%          2
 Corpse Rot               Necr/Air       100%       N/A       1%          2
 Searing Ray              Conj           100%       2d8       1%          2
 Sublimation of Blood     Necr           58%        N/A       1%          2
 Wereblood                Tmut           58%        N/A       1%          2
 Conjure Flame            Conj/Fire      72%        6-21      1%          3
 Lesser Beckoning         Tloc           69%        N/A       1%          3
 Spider Form              Tmut/Pois      58%        N/A       1%          3
 Animate Armour           Summ/Erth      100%       N/A       1%          4
 Animate Dead             Necr           29%        N/A       1%          4
 Cause Fear               Hex            34%        N/A       1%          4
 Flame Wave               Conj/Fire      72%        2d13      1%          4
 Fulminant Prism          Conj/Hex       35%        3d18      1%          4
 Manifold Assault         Tloc           69%        N/A       1%          5
 Agony                    Necr           58%        N/A       3%          5
 Alistair's Intoxication  Tmut/Pois      38%        N/A       3%          5
 Excruciating Wounds      Necr           29%        N/A       3%          5
 Enfeeble                 Hex            34%        N/A       21%         7
 Maxwell's Capacitive Co  Air            39%        ∞         38%         8
 Lehudib's Crystal Spear  Conj/Erth      36%        10d9      71%         8
 Discord                  Hex            34%        N/A       83%         8
 Disjunction              Tloc           34%        N/A       83%         8


Dungeon Overview and Level Annotations

Branches:
Dungeon (12/15)            Temple (1/1) D:4            Lair (6/6) D:10
 Shoals (0/4) Lair:3        Snake (3/4) Lair:3        Slime (0/5) Lair:5
    Orc (0/2) D:11         Bailey (visited)           IceCv (visited)
Gauntlet (visited)

Altars:
Ashenzari
Cheibriados
Dithmenos
Elyvilon
Fedhas
Gozag
Hepliaklqana
Kikubaaqudgha
Makhleb
Nemelex Xobeh
Okawaru
Qazlal
Ru
Sif Muna
Trog
Uskayaw
Vehumet
Wu Jian
Xom
Yredelemnul
Zin
The Shining One
Beogh
Ignis
Jiyva

Shops:
D:2 (   D:8 ?

Portals:
Trove: D:12 (give horn of Geryon)

Annotations:
D:3 1 runed translucent door, exclusion: centaur, zeratav's ghost, amateur OpCj
D:12 exclusion: boulder beetle


Innate Abilities, Weirdness & Mutations

You have very sharp teeth.
Your uncanny sense of smell can sniff out nearby items.
Your experience applies equally to all skills.


Message History

You create some ball lightning! 3 ball lightnings come into view.
The mana viper bites you!
You feel your power leaking away.
The naga sharpshooter shoots an arrow.
The arrow closely misses you. You block the mana viper's attack.
Casting: Conjure Ball Lightning (dangerous; 1% risk of failure)
Confirm with . or Enter, or press ? or * to list all spells.
You create some ball lightning! 3 ball lightnings come into view.
Your ball lightning explodes!
The blast of lightning engulfs your ball lightning.
Your ball lightning completely resists.
The blast of lightning engulfs the mana viper!
The mana viper is lightly wounded.
The blast of lightning engulfs you! You resist.
* * * LOW HITPOINT WARNING * * *
The blast of lightning engulfs your ball lightning.
Your ball lightning completely resists.
Your ball lightning explodes!
The blast of lightning engulfs the naga sharpshooter!!
The naga sharpshooter is heavily wounded.
The blast of lightning engulfs you. You resist.
* * * LOW HITPOINT WARNING * * *
The blast of lightning engulfs the mana viper!!
The mana viper is severely wounded.
Your ball lightning explodes!
The blast of lightning engulfs your ball lightning.
Your ball lightning completely resists.
The blast of lightning engulfs the mana viper!!
The mana viper is almost dead.
The blast of lightning engulfs your ball lightning.
Your ball lightning completely resists.
The blast of lightning engulfs you. You resist.
* * * LOW HITPOINT WARNING * * *
The mana viper bites you.
* * * LOW HITPOINT WARNING * * *
You feel your power leaking away.
The naga sharpshooter shoots an arrow.
The arrow hits you!!
You die...

#### #...####....#####.## ###.
...####...[..#...#####.## ##
...[..#......###.......### #
....#.?........####[.>...## #
###..#####...#..###.#....### ##
####..#########..#..##....### ##
#....###...##......#.....#######
#....###......*.S#.<......######
#......#.....*.@.###...##....#..
######..........N..#............
#########..#*###..............
########.....##.........#...
#...#.#.#>.#.............
##.....#.##..#.##...#.....
########...###..##........#...(.
#...####.######.###.?...........
#.....#..######..###...###......


You could see a naga sharpshooter (ally target), a mana viper (ally target) and
3 friendly ball lightnings.

Vanquished Creatures
  Frances (Snake:2)
  A frost giant (IceCv)
  Harold (Lair:2)
  9 hydras
  2 boulder beetles (Lair:4)
  3 catoblepae
  2 anacondas (Snake:1)
  3 two-headed ogres
  8 death yaks
  Urug (Lair:4)
  4 naga sharpshooters
  3 shock serpents
  2 naga ritualists
  2 mana vipers
  An ugly thing (IceCv)
  3 salamanders
  12 black mambas
  An ice statue (IceCv)
  10 naga magi
  2 gargoyles (D:11)
  6 komodo dragons
  14 cane toads
  A torpor snail (Lair:2)
  7 rime drakes
  2 kobold demonologists (Bailey)
  A guardian mummy (D:12)
  2 trolls
  16 polar bears
  6 hornets
  16 blink frogs
  A dream sheep (Lair:6)
  A shadow (D:10)
  A human (D:8)
  15 spriggans
  80 yaks
  2 wyverns (Lair:4)
  3 basilisks
  3 steam dragons
  Menkaure (D:6)
  14 nagas
  16 water moccasins
  15 orc warriors
  4 black bears
  4 boggarts (Lair:6)
  2 centaurs (D:9)
  44 wolves
  A phantom (D:5)
  2 kobold brigands (D:9)
  7 bullfrogs
  A necrophage (D:4)
  2 scorpions
  3 wights (D:9)
  10 killer bees (D:8)
  5 howler monkeys
  9 electric eels
  A human zombie (D:8)
  2 gnoll shamans (D:8)
  7 hounds
  9 orc priests
  A human skeleton (D:8)
  3 iguanas
  10 orc wizards
  Ijyb (D:4)
  8 adders
  13 gnolls
  2 shadow imps
  A white imp (D:6)
  4 dart slugs
  38 orcs
  9 ball pythons
  2 bats (D:1)
  3 endoplasms
  7 giant cockroaches
  15 goblins
  9 hobgoblins
  4 jackals
  13 kobolds
  6 quokkas
  8 rats
564 creatures vanquished.

Vanquished Creatures (collateral kills)
  A ball lightning (Lair:6)
1 creature vanquished.

Vanquished Creatures (others)
  A dancing weapon (Bailey)
  An acid dragon (D:10)
  106 ball lightnings
  2 bushes
  24 fungi
  33 plants
  26 withered plants (Gauntlet)
193 creatures vanquished.

Grand Total: 758 creatures vanquished

Notes
Turn   | Place    | Note
-------+----------+-------------------------------------------
     0 | D:1      | greenreed the Gnoll Air Elementalist began the quest for
                  | the Orb.
     0 | D:1      | Reached XP level 1. HP: 13/13 MP: 6/6
   228 | D:1      | Reached XP level 2. HP: 19/19 MP: 3/7
   302 | D:1      | Found a faded altar of an unknown god.
   858 | D:2      | Found Byariv's Antique Weapon Shop.
   996 | D:2      | Reached XP level 3. HP: 25/25 MP: 7/9
   999 | D:2      | Learned a level 2 spell: Passwall
  1028 | D:2      | Reached skill level 5 in Spellcasting
  1032 | D:2      | Learned a level 3 spell: Swiftness
  1035 | D:2      | Learned a level 2 spell: Static Discharge
  1094 | D:2      | Reached skill level 1 in Invocations
  1150 | D:2      | Found an opulent altar of Gozag.
  1297 | D:2      | Identified the ring "Koafu" {Fly Int+4}
  1469 | D:2      | Reached skill level 1 in Fighting
  1469 | D:2      | Reached skill level 1 in Short Blades
  1469 | D:2      | Reached skill level 1 in Long Blades
  1469 | D:2      | Reached skill level 1 in Axes
  1469 | D:2      | Reached skill level 1 in Maces & Flails
  1469 | D:2      | Reached skill level 1 in Polearms
  1469 | D:2      | Reached skill level 1 in Staves
  1469 | D:2      | Reached skill level 1 in Slings
  1469 | D:2      | Reached skill level 1 in Bows
  1469 | D:2      | Reached skill level 1 in Crossbows
  1469 | D:2      | Reached skill level 1 in Throwing
  1469 | D:2      | Reached skill level 1 in Armour
  1469 | D:2      | Reached skill level 1 in Shields
  1469 | D:2      | Reached skill level 1 in Unarmed Combat
  1469 | D:2      | Reached skill level 1 in Evocations
  1626 | D:2      | Reached XP level 4. HP: 32/32 MP: 8/11
  1819 | D:3      | Found a runed translucent door.
  1839 | D:3      | Noticed zeratav's ghost (amateur OpCj)
  2360 | D:3      | Reached skill level 1 in Hexes
  2360 | D:3      | Reached skill level 1 in Summonings
  2360 | D:3      | Reached skill level 1 in Necromancy
  2360 | D:3      | Reached skill level 1 in Translocations
  2360 | D:3      | Reached skill level 1 in Transmutations
  2360 | D:3      | Reached skill level 1 in Fire Magic
  2360 | D:3      | Reached skill level 1 in Ice Magic
  2360 | D:3      | Reached skill level 1 in Earth Magic
  2360 | D:3      | Reached skill level 1 in Poison Magic
  2751 | D:3      | Noticed a centaur
  2831 | D:3      | Found a glowing silver altar of Zin.
  2832 | D:3      | Found an opulent altar of Gozag.
  3065 | D:4      | Noticed a scorpion
  3157 | D:4      | Killed a scorpion
  3158 | D:4      | Reached XP level 5. HP: 37/37 MP: 12/12
  3255 | D:4      | Identified the +5 whip of Foolhardiness {drain, *Corrode
                  | rElec Str+5 Stlth+}
  3829 | D:4      | Reached XP level 6. HP: 36/44 MP: 5/14
  3917 | D:4      | Found a staircase to the Ecumenical Temple.
  3928 | D:4      | Reached skill level 5 in Dodging
  3930 | Temple   | Entered the Ecumenical Temple
  4038 | Temple   | Became a worshipper of Ashenzari the Shackled
  4213 | D:4      | Noticed Ijyb
  4224 | D:4      | Killed Ijyb
  4567 | D:5      | Entered Level 5 of the Dungeon
  5006 | D:5      | Reached XP level 7. HP: 36/50 MP: 11/15
  5179 | D:5      | Identified a scroll of acquirement
  5183 | D:5      | Acquired a book of Chaos
  5475 | D:6      | Found a burning altar of Makhleb.
  5696 | D:6      | Noticed Menkaure
  5705 | D:6      | Killed Menkaure
  5706 | D:6      | Reached skill level 5 in Stealth
  5901 | D:6      | Learned a level 2 spell: Ensorcelled Hibernation
  5904 | D:6      | Learned a level 2 spell: Poisonous Vapours
  6135 | D:6      | Found a snail-covered altar of Cheibriados.
  6136 | D:6      | Found a hazy altar of Hepliaklqana.
  6137 | D:6      | Found a stormy altar of Qazlal.
  7268 | D:7      | Identified the +0 pair of gloves of Hedge Wizardry {rC+}
  7322 | D:7      | Reached XP level 8. HP: 58/58 MP: 3/17
  8032 | D:7      | Reached * piety under Ashenzari
  8455 | D:8      | Found a runed translucent door.
  8976 | D:8      | Found Dipuahe's Magic Scroll Emporium.
  9021 | D:8      | Noticed a yak
  9022 | D:8      | Noticed a yak
  9038 | D:8      | Killed a yak
  9039 | D:8      | Reached XP level 9. HP: 59/66 MP: 8/19
  9705 | D:8      | Found a blossoming altar of Fedhas.
  9705 | D:8      | Found a sparkling altar of Nemelex Xobeh.
  9729 | D:8      | Found a basalt altar of Yredelemnul.
  9967 | D:8      | Reached skill level 5 in Invocations
 10436 | D:9      | Noticed a two-headed ogre
 10486 | D:9      | Killed a two-headed ogre
 10487 | D:9      | Reached XP level 10. HP: 38/76 MP: 18/22
 10785 | D:9      | Reached skill level 5 in Fighting
 10785 | D:9      | Reached skill level 5 in Short Blades
 10785 | D:9      | Reached skill level 5 in Long Blades
 10785 | D:9      | Reached skill level 5 in Axes
 10785 | D:9      | Reached skill level 5 in Maces & Flails
 10785 | D:9      | Reached skill level 5 in Polearms
 10785 | D:9      | Reached skill level 5 in Staves
 10785 | D:9      | Reached skill level 5 in Slings
 10785 | D:9      | Reached skill level 5 in Bows
 10785 | D:9      | Reached skill level 5 in Crossbows
 10785 | D:9      | Reached skill level 5 in Throwing
 10785 | D:9      | Reached skill level 5 in Armour
 10785 | D:9      | Reached skill level 5 in Shields
 10785 | D:9      | Reached skill level 5 in Unarmed Combat
 10785 | D:9      | Reached skill level 5 in Evocations
 11534 | D:9      | Learned a level 4 spell: Anguish
 11538 | D:9      | Learned a level 3 spell: Tukima's Dance
 11772 | D:10     | Entered Level 10 of the Dungeon
 11970 | D:10     | Found a flagged portal.
 11983 | Bailey   | Entered a bailey
 12185 | Bailey   | Reached skill level 5 in Conjurations
 12188 | Bailey   | Noticed a kobold demonologist
 12221 | Bailey   | Killed a kobold demonologist
 12447 | Bailey   | Identified the +4 chain mail of the Onion {rElec rN+ Will+}
 13150 | Bailey   | Noticed a kobold demonologist
 13237 | Bailey   | Found an iron altar of Okawaru.
 13284 | Bailey   | Killed a kobold demonologist
 13285 | Bailey   | Reached XP level 11. HP: 80/83 MP: 13/23
 13563 | Bailey   | Acquired the amulet "Xaoph" {RegenMP Drain rPois rN++
                  | Str+4}
 13572 | Bailey   | Acquired the Almanac of Evil and the Entourage
 13576 | Bailey   | Reached ** piety under Ashenzari
 13712 | D:10     | Found a staircase to the Lair.
 13769 | D:10     | Reached skill level 5 in Hexes
 13769 | D:10     | Reached skill level 5 in Summonings
 13769 | D:10     | Reached skill level 5 in Necromancy
 13769 | D:10     | Reached skill level 5 in Translocations
 13769 | D:10     | Reached skill level 5 in Transmutations
 13769 | D:10     | Reached skill level 5 in Fire Magic
 13769 | D:10     | Reached skill level 5 in Ice Magic
 13769 | D:10     | Reached skill level 5 in Earth Magic
 13769 | D:10     | Reached skill level 5 in Poison Magic
 13837 | D:10     | Found an ancient bone altar of Kikubaaqudgha.
 13837 | D:10     | Noticed a two-headed ogre
 13856 | D:10     | Noticed a two-headed ogre
 13873 | D:10     | Killed a two-headed ogre
 13878 | D:10     | Killed a two-headed ogre
 13977 | D:10     | Learned a level 4 spell: Airstrike
 14382 | D:10     | Acquired a staff of air
 14414 | D:10     | Learned a level 3 spell: Stone Arrow
 15986 | D:11     | Found a staircase to the Orcish Mines.
 16079 | D:11     | Learned a level 3 spell: Inner Flame
 16406 | D:12     | Noticed a boulder beetle
 16482 | D:12     | Found a portal to a secret trove of treasure.
 16796 | Lair:1   | Entered Level 1 of the Lair of Beasts
 16927 | Lair:1   | Found a frozen archway.
 16940 | IceCv    | Entered an ice cave
 16943 | IceCv    | Reached XP level 12. HP: 89/94 MP: 17/26
 17703 | IceCv    | Identified the +0 pair of gloves of Limited Liability
                  | {Int+4}
 17780 | IceCv    | Noticed a death yak
 17883 | IceCv    | Killed a death yak
 17994 | IceCv    | Noticed a frost giant
 18026 | IceCv    | Killed a frost giant
 18272 | IceCv    | Identified the ring "Jocuepnu" {Fly Dex+4}
 18275 | IceCv    | Noticed a death yak
 18275 | IceCv    | Noticed a death yak
 18276 | IceCv    | Noticed a death yak
 18290 | IceCv    | Killed a death yak
 18320 | IceCv    | Killed a death yak
 18321 | IceCv    | Killed a death yak
 18809 | Lair:1   | Reached XP level 13. HP: 98/103 MP: 16/28
 19781 | Lair:2   | Noticed Harold
 19797 | Lair:2   | Killed Harold
 20919 | Lair:3   | Found a staircase to the Shoals.
 20983 | Lair:3   | Found a gate leading to a gauntlet.
 20984 | Lair:3   | Found a staircase to the Snake Pit.
 21009 | Gauntlet | Entered a Gauntlet
 21009 | Gauntlet | Found a transporter.
 21054 | Gauntlet | Found a transporter.
 21069 | Gauntlet | Found a transporter.
 21074 | Gauntlet | Found a transporter.
 21077 | Gauntlet | Identified the ring "Peytezej" {Will++ rCorr Dex+8 Stlth-}
 21100 | Gauntlet | Found a transporter.
 21109 | Gauntlet | Found a transporter.
 21111 | Gauntlet | Identified the ring of Arrom {Fire Str+4 Int+3 Dex+2}
 21121 | Gauntlet | Found a transporter.
 21125 | Gauntlet | Identified the ring "Zomumukk" {+Blink rF+ MP+9 Str+3
                  | Dex-3}
 21133 | Gauntlet | Found a transporter.
 21141 | Gauntlet | Noticed a great orb of eyes
 21145 | Gauntlet | Found a transporter.
 21146 | Gauntlet | Identified the amulet of Tiqanera {Acrobat rF+ Str+4}
 21155 | Gauntlet | Noticed a great orb of eyes
 21157 | Gauntlet | Found a transporter.
 21159 | Gauntlet | Identified the ring "Cutzoidu" {Wiz *Slow Str+9 Int+4
                  | Dex+3}
 21174 | Gauntlet | Found a transporter.
 21192 | Gauntlet | Found a transporter.
 21194 | Gauntlet | Found a transporter.
 21222 | Gauntlet | Found a transporter.
 21222 | Gauntlet | Found a transporter.
 21242 | Gauntlet | Found a transporter.
 21244 | Gauntlet | Found a transporter.
 21350 | Gauntlet | Found a transporter.
 21574 | Gauntlet | Noticed a minotaur
 21614 | Lair:3   | Learned a level 5 spell: Lightning Bolt
 21626 | Lair:3   | Reached skill level 10 in Spellcasting
 22646 | Lair:4   | Reached skill level 10 in Dodging
 22646 | Lair:4   | Reached XP level 14. HP: 81/111 MP: 22/30
 22961 | Lair:4   | Noticed Urug
 22972 | Lair:4   | Killed Urug
 23024 | Lair:4   | Reached skill level 10 in Stealth
 23188 | Lair:4   | Reached *** piety under Ashenzari
 24189 | Lair:4   | Reached **** piety under Ashenzari
 24194 | Lair:5   | Reached skill level 10 in Invocations
 24359 | Lair:5   | Found a staircase to the Slime Pits.
 24359 | Lair:5   | Found a viscous altar of Jiyva.
 24971 | Lair:6   | Entered Level 6 of the Lair of Beasts
 25837 | Lair:5   | Learned a level 6 spell: Conjure Ball Lightning
 26122 | Lair:6   | Reached XP level 15. HP: 105/124 MP: 9/33
 26794 | Snake:1  | Entered Level 1 of the Snake Pit
 26899 | Snake:1  | Reached skill level 10 in Air Magic
 26992 | Snake:1  | Reached skill level 10 in Fighting
 26992 | Snake:1  | Reached skill level 10 in Short Blades
 26992 | Snake:1  | Reached skill level 10 in Long Blades
 26992 | Snake:1  | Reached skill level 10 in Axes
 26992 | Snake:1  | Reached skill level 10 in Maces & Flails
 26992 | Snake:1  | Reached skill level 10 in Polearms
 26992 | Snake:1  | Reached skill level 10 in Staves
 26992 | Snake:1  | Reached skill level 10 in Slings
 26992 | Snake:1  | Reached skill level 10 in Bows
 26992 | Snake:1  | Reached skill level 10 in Crossbows
 26992 | Snake:1  | Reached skill level 10 in Throwing
 26992 | Snake:1  | Reached skill level 10 in Armour
 26992 | Snake:1  | Reached skill level 10 in Shields
 26992 | Snake:1  | Reached skill level 10 in Unarmed Combat
 26992 | Snake:1  | Reached skill level 10 in Evocations
 28022 | Snake:2  | Noticed Frances
 28038 | Snake:2  | Killed Frances
 28705 | Snake:2  | Shot with an arrow by a naga sharpshooter

Illustrated notes

Levels and vault maps discovered:
D:1:      lightli_arrival_statue_moat, layout_basic,
          shapermc_ecumenical_altar_petra
D:2:      layout_rooms, serial_shops, nicolae_shop_trees, basic_altar,
          minmay_door_square, minmay_quantized
D:3:      minmay_door_path, layout_basic, grunt_temple_overflow_gold_and_silver,
          hellmonk_ghost_happy_afterlife
D:4:      layout_gridville, minmay_temple_entry_large_hall, corner_web_ring,
          uniq_ijyb
D:5:      layout_basic, hangedman_decor_opposing
D:6:      layout_basic, minitemple, mainiacjoe_overflow_small_starburst,
          uniq_menkaure
D:7:      layout_basic
D:8:      layout_basic, dk_yredelemnul_ordeal, gammafunk_temple_overflow_wave,
          chequers_serial_rivers_micro_a, nicolae_take_the_stairs,
          small_statue_alley_b, minmay_misc_feat_plants, minmay_misc_feat_alley
D:9:      layout_loops_corners, blue_anna_alchemist
D:10:     layout_stronghold, mainiacjoe_overflow_alcove_1, erik_lair_island,
          enter_bailey_6
D:11:     layout_grid_maze, minmay_orc_entry_temple_small
D:12:     minmay_chambers_of_sevens, layout_basic,
          nicolae_trove_entry_path_of_doom, nrook_mini_backslash, uniq_sonja
Temple:   pdpol_scorched_temple
Lair:1:   layout_roguey, portal_ice_cave_entry_pillars_2
Lair:2:   layout_concentric_octagons, uniq_harold
Lair:3:   layout_cave_pods, elwin_shoals_entry_rocks, dummy_snake_entry,
          gauntlet_entry_generic, forest_entry_grove
Lair:4:   layout_layer_cave, nicolae_lair_grove_arrangements,
          serial_bayou_shore_a, serial_bayou_shore_b, uniq_urug
Lair:5:   layout_hall_layers, slime_altar_1
Lair:6:   minmay_lair_end_enchanted_forest, layout_gridlike, grunt_megastairs_1,
          lemuel_fruit_tree
Snake:1:  nicolae_snake_crotalidae_crossing, layout_onion
Snake:2:  layout_misc_corridors, uniq_frances
Snake:3:  layout_chambers, uniq_mara

Skill      XL: |  1  2  3  4  5  6  7  8  9 10 11 12 13 14 15 |
---------------+----------------------------------------------+-----
Conjurations   | 2 3 4 5 6 7 8 |  8.9
Spellcasting   | 5 6 7 8 9 10 11 | 11.3
Invocations    | 1 2 3 4 5 6 7 8 9 10 11 | 11.1
Fighting       | 1 2 3 4 5 6 7 8 9 10 | 10.2
Short Blades   | 1 2 3 4 5 6 7 8 9 10 | 10.2
Long Blades    | 1 2 3 4 5 6 7 8 9 10 | 10.2
Axes           | 1 2 3 4 5 6 7 8 9 10 | 10.2
Maces & Flails | 1 2 3 4 5 6 7 8 9 10 | 10.2
Polearms       | 1 2 3 4 5 6 7 8 9 10 | 10.2
Staves         | 1 2 3 4 5 6 7 8 9 10 | 10.2
Slings         | 1 2 3 4 5 6 7 8 9 10 | 10.2
Bows           | 1 2 3 4 5 6 7 8 9 10 | 10.2
Crossbows      | 1 2 3 4 5 6 7 8 9 10 | 10.2
Throwing       | 1 2 3 4 5 6 7 8 9 10 | 10.2
Armour         | 1 2 3 4 5 6 7 8 9 10 | 10.2
Shields        | 1 2 3 4 5 6 7 8 9 10 | 10.2
Unarmed Combat | 1 2 3 4 5 6 7 8 9 10 | 10.2
Evocations     | 1 2 3 4 5 6 7 8 9 10 | 10.2
Hexes          | 1 2 3 4 5 6 7 8 |  8.5
Summonings     | 1 2 3 4 5 6 7 8 |  8.5
Necromancy     | 1 2 3 4 5 6 7 8 |  8.5
Translocations | 1 2 3 4 5 6 7 8 |  8.5
Transmutations | 1 2 3 4 5 6 7 8 |  8.5
Fire Magic     | 1 2 3 4 5 6 7 8 |  8.5
Ice Magic      | 1 2 3 4 5 6 7 8 |  8.5
Earth Magic    | 1 2 3 4 5 6 7 8 |  8.5
Poison Magic   | 1 2 3 4 5 6 7 8 |  8.5
Dodging        | 5 6 7 8 9 10 11 | 11.2
Stealth        | 5 6 7 8 9 10 11 | 11.0
Air Magic      | 6 7 8 9 10 | 10.2

Action                   |  1- 3 |  4- 6 |  7- 9 | 10-12 | 13-15 || total
-------------------------+-------+-------+-------+-------+-------++-------
Melee: Whip              |       |     8 |    27 |    60 |   177 ||   272
       Flail             |       |    11 |     4 |       |       ||    15
       Bite              |       |     3 |     6 |     7 |    20 ||    36
       Punch             |       |       |     1 |     2 |     2 ||     5
       Staff             |       |       |       |     4 |       ||     4
 Fire: Shortbow          |       |       |       |    15 |       ||    15
 Cast: Shock             |    53 |   140 |    99 |   263 |    37 ||   592
       Static Discharge  |       |     6 |    44 |    18 |    19 ||    87
       Swiftness         |       |     2 |     2 |     2 |     1 ||     7
       Poisonous Vapours |       |       |    47 |   143 |   102 ||   292
       Ensorcelled Hiber |       |       |     2 |       |       ||     2
       Tukima's Dance    |       |       |       |     2 |       ||     2
       Airstrike         |       |       |       |    48 |    95 ||   143
       Stone Arrow       |       |       |       |    45 |   130 ||   175
       Anguish           |       |       |       |     3 |     2 ||     5
       Inner Flame       |       |       |       |    13 |     9 ||    22
       Lightning Bolt    |       |       |       |       |    90 ||    90
       Passwall          |       |       |       |       |     2 ||     2
       Conjure Ball Ligh |       |       |       |       |    42 ||    42
Invok: Curse Item        |       |       |     2 |     1 |     3 ||     6
Evoke: Wand              |       |     3 |       |    12 |       ||    15
  Use: Scroll            |       |       |     6 |     5 |     3 ||    14
       Potion            |       |       |       |       |     1 ||     1
 Stab: Sleeping          |       |       |       |       |     1 ||     1
Armor: Robe              |       |     3 |     5 |       |       ||     8
       Steam dragon scal |       |       |     7 |    37 |       ||    44
       Scale mail        |       |       |       |    30 |       ||    30
       Troll leather arm |       |       |       |     3 |   130 ||   133
Dodge: Dodged            |     6 |    39 |    67 |   190 |   368 ||   670
Block: Buckler           |       |       |       |       |   107 ||   107

Table legend: (Time is in decaauts)
 A = Elapsed time spent in this place.
 B = Non-inter-level travel time spent in this place.
 C = Inter-level travel time spent in this place.
 D = Time resting spent in this place.
 E = Time spent auto-exploring this place.
 F = Levels seen in this place.
 G = Mean time per level.
                   A        B        C        D        E       F      G
               +--------+--------+--------+--------+--------+-----+--------+
         Total |  28658 |  27330 |   1328 |    681 |  21291 |  25 | 1146.3 |
       Dungeon |  15077 |  14362 |    715 |    345 |  11974 |  12 | 1256.4 |
        Temple |    114 |     92 |     22 |      0 |     79 |   1 |  114.0 |
          Lair |   7562 |   7022 |    540 |    211 |   5158 |   6 | 1260.3 |
     Snake Pit |   1908 |   1857 |     51 |     88 |   1442 |   3 |  636.0 |
        Bailey |   1593 |   1593 |      0 |      2 |   1186 |   1 | 1593.0 |
      Ice Cave |   1817 |   1817 |      0 |      0 |   1166 |   1 | 1817.0 |
      Gauntlet |    584 |    584 |      0 |     35 |    286 |   1 |  584.0 |
               +--------+--------+--------+--------+--------+-----+--------+

Top non-repeatable levels by time:
   IceCv: 1817 daAuts
     D:8: 1783 daAuts
  Lair:4: 1726 daAuts
     D:9: 1690 daAuts
    D:10: 1639 daAuts
     D:6: 1613 daAuts
  Bailey: 1593 daAuts
  Lair:3: 1575 daAuts
     D:3: 1476 daAuts
     D:7: 1379 daAuts
    D:11: 1359 daAuts
  Lair:6: 1188 daAuts
     D:4: 1187 daAuts
  Lair:5: 1173 daAuts
  Lair:1: 1038 daAuts
